 Dungeon Crawl Stone Soup version 0.30-a0-137-gd8773701ce (webtiles) character file.

Game seed: 7144068572362802365

777 blackman the Slasher (level 8, 0/64 HPs)
             Began as a Human Monk on Sept 22, 2022.
             Slain by an orc wizard
             ... wielding a +0 dagger
              (3 damage)
             ... on level 4 of the Dungeon.
             The game lasted 00:06:48 (5955 turns).

blackman the Slasher (Human Monk)                   Turns: 5955, Time: 00:06:49

Health: 0/64       AC:  9    Str: 11    XL:     8   Next: 10%
Magic:  8/8        EV: 11    Int: 11    God:
Gold:   265        SH:  0    Dex: 18    Spells: 7/7 levels left

rFire   + . .      SeeInvis .    a - +0 falchion
rCold   . . .      Faith    .    (no shield)
rNeg    . . .      Spirit   .    j - +1 ring mail {rF+}
rPois   .          Reflect  .    u - +0 helmet
rElec   .          Harm     .    c - +0 cloak
rCorr   .          Rampage  .    (no gloves)
Will    .....      Clarity  +    k - +0 pair of boots
Stlth   ++........ Rnd*Tele +    (no amulet)
HPRegen 0.20/turn                (no ring)
MPRegen 0.11/turn                (no ring)

@: no status effects
A: clarity, teleportitis 1
a: no special abilities


You were on level 4 of the Dungeon.
You visited 1 branch of the dungeon, and saw 4 of its levels.

You collected 265 gold pieces.

Inventory:

Hand Weapons
 a - a +0 falchion (weapon)
Armour
 b - a +0 robe
 c - a +0 cloak (worn)
   (You found it on level 4 of the Dungeon)
 j - a +1 ring mail of fire resistance (worn)
   (You found it on level 1 of the Dungeon)
 k - a +0 pair of boots (worn)
   (You found it on level 1 of the Dungeon)
 n - a +0 helmet
   (You found it on level 2 of the Dungeon)
 u - a +0 helmet (worn)
   (You found it on level 4 of the Dungeon)
Jewellery
 t - a ring of flight
   (You found it on level 4 of the Dungeon)
Scrolls
 d - 2 scrolls of vulnerability {unknown}
 f - a scroll of fear {unknown}
 l - a scroll of enchant armour {unknown}
 o - a scroll of acquirement {unknown}
 p - 2 scrolls of teleportation {unknown}
 q - a scroll of blinking {unknown}
 s - 2 scrolls of identify {unknown}
Potions
 e - a potion of mutation
 h - a potion of flight {unknown}
 i - a potion of resistance {unknown}
 m - a potion of curing {unknown}


   Skills:
 - Level 6.0 Fighting
 * Level 7.2 Long Blades
 - Level 3.0 Dodging
 - Level 2.0 Stealth


You had 7 spell levels left.
You didn't know any spells.
Your spell library contained the following spells:

 Spells                   Type           Power      Damage    Failure   Level
 Apportation              Tloc           0%         N/A       65%         1
 Beastly Appendage        Tmut           0%         N/A       65%         1
 Necrotise                Necr           0%         1d4       65%         1
 Summon Small Mammal      Summ           0%         N/A       65%         1
 Wereblood                Tmut           0%         N/A       78%         2
 Gell's Gravitas          Tloc           0%         N/A       95%         3
 Lesser Beckoning         Tloc           0%         N/A       95%         3
 Portal Projectile        Hex/Tloc       0%         N/A       95%         3
 Spider Form              Tmut/Pois      0%         N/A       95%         3
 Teleport Other           Tloc           0%         N/A       95%         3
 Tukima's Dance           Hex            0%         N/A       95%         3
 Blade Hands              Tmut           0%         N/A       100%        5
 Chain Lightning          Conj/Air       0%         N/A       100%        9
 Fire Storm               Conj/Fire      0%         5d1       100%        9
 Shatter                  Erth           0%         3d5*      100%        9


Dungeon Overview and Level Annotations

Branches:
Dungeon (4/15)
 Temple: D:4-7

Altars:
Kikubaaqudgha

Shops:
D:1 (


Innate Abilities, Weirdness & Mutations

You possess an exceptional clarity of mind.
You are occasionally teleported next to monsters.


Message History

Items here: ( )) [.
You barely miss the orc priest.
You punch the orc priest, but do no damage.
The orc priest hits you but does no damage.
The orc hits you with a +0 dagger. Something hits you but does no damage.
The orc hits you but does no damage.
You closely miss the orc priest.
The orc priest invokes the aid of Beogh against you.
Pain shoots through your body! The orc hits you but does no damage.
Something hits you but does no damage. The orc hits you but does no damage.
You hit the orc priest but do no damage.
The orc priest misses you. The orc hits you but does no damage.
Something hits you. The orc misses you.
You hit the orc priest but do no damage.
The orc priest calls down the wrath of Beogh upon you.
Beogh smites you!
* * * LOW HITPOINT WARNING * * *
The orc closely misses you. Something hits you but does no damage.
The orc hits you but does no damage.
You hit the orc priest.
The orc priest is lightly wounded.
The orc priest barely misses you. The orc closely misses you.
Something hits you but does no damage. The orc hits you but does no damage.
You hit the orc priest.
The orc priest is heavily wounded.
The orc priest closely misses you. The orc barely misses you.
Something hits you but does no damage. The orc hits you but does no damage.
You hit the orc priest.
The orc priest is heavily wounded.
The orc priest mumbles some strange prayers to Beogh against you.
Pain shoots through your body!
* * * LOW HITPOINT WARNING * * *
The orc completely misses you. Something hits you but does no damage.
The orc barely misses you.
You hit the orc priest.
The orc priest is severely wounded.
The orc priest hits you with a +2 flail of protection.
* * * LOW HITPOINT WARNING * * *
The orc hits you but does no damage. Something hits you.
You die...

#....... #.......
#####################.##
....................####
....................#...
...................>'...
....................#...
.......oo...........#...
......o@............####
..............†.........
........................
........................
........................
........................
........................
........................
###################


You could see an orc priest and 2 orcs.

Vanquished Creatures
  Sigmund (D:4)
  Eustachio (D:4)
  A phantom (D:4)
  A hound (D:4)
  3 orc priests (D:4)
  4 orc wizards
  6 adders
  A white imp (D:4)
  5 worms
  6 dart slugs
  8 orcs
  5 bats
  11 endoplasms
  5 giant cockroaches
  5 goblins
  7 hobgoblins
  2 quokkas
  7 ball pythons
  4 frilled lizards (D:1)
  10 kobolds
  6 rats
99 creatures vanquished.

Notes
Turn   | Place    | Note
-------+----------+-------------------------------------------
     0 | D:1      | blackman the Human Monk began the quest for the Orb.
     0 | D:1      | Reached XP level 1. HP: 18/18 MP: 1/1
    54 | D:1      | Reached XP level 2. HP: 7/24 MP: 2/2
   288 | D:1      | Found Dyraoh's Weapon Shop.
   528 | D:1      | Found a faded altar of an unknown god.
   540 | D:1      | Reached skill level 4 in Long Blades
   540 | D:1      | Reached XP level 3. HP: 20/29 MP: 3/3
  1478 | D:2      | Reached XP level 4. HP: 4/35 MP: 4/4
  2718 | D:2      | Reached skill level 5 in Long Blades
  3102 | D:3      | Reached XP level 5. HP: 18/41 MP: 5/5
  3622 | D:3      | Found an ancient bone altar of Kikubaaqudgha.
  3847 | D:3      | HP: 2/42 [poisoned by an orc wizard]
  4801 | D:4      | Noticed Eustachio
  4816 | D:4      | Killed Eustachio
  4817 | D:4      | Reached skill level 5 in Fighting
  4817 | D:4      | Reached XP level 6. HP: 50/51 MP: 6/6
  4875 | D:4      | Reached XP level 7. HP: 35/58 MP: 7/7
  5284 | D:4      | Reached skill level 6 in Long Blades
  5831 | D:4      | Noticed Sigmund
  5834 | D:4      | Gained mutation: You are occasionally teleported next to
                  | monsters. [potion of mutation]
  5834 | D:4      | Gained mutation: You possess an exceptional clarity of
                  | mind. [potion of mutation]
  5842 | D:4      | Killed Sigmund
  5843 | D:4      | Reached skill level 7 in Long Blades
  5843 | D:4      | Reached XP level 8. HP: 59/64 MP: 8/8
  5955 | D:4      | HP: 3/64 [orc priest/+2 flail of protection (5)]
  5955 | D:4      | Slain by an orc wizard

Illustrated notes

Levels and vault maps discovered:
D:1:      shiori_arrival_maze, layout_basic, nicolae_ecumenical_snake_handling,
          serial_shops, shop, minmay_quantized
D:2:      layout_basic
D:3:      layout_rooms, mainiacjoe_overflow_concentric_impassable,
          chequers_serial_rivers_large_a
D:4:      layout_gridville, kennysheep_generic_room_12, uniq_sigmund,
          uniq_eustachio

Skill      XL: |  1  2  3  4  5  6  7 |
---------------+----------------------+-----
Long Blades    | 4 5 7 |  7.2
Fighting       | 5 6 |  6.0
Dodging        | |  3.0
Stealth        | |  2.0

Action                   |  1- 3 |  4- 6 |  7- 9 || total
-------------------------+-------+-------+-------++-------
Melee: Falchion          |   107 |   179 |   139 ||   425
       Punch             |     1 |     1 |     3 ||     5
Evoke: Wand              |       |     6 |     1 ||     7
  Use: Potion            |       |       |     3 ||     3
 Stab: Sleeping          |     4 |     2 |       ||     6
Armor: Robe              |    13 |       |       ||    13
       Ring mail         |    23 |    66 |   106 ||   195
Dodge: Dodged            |    61 |   105 |    93 ||   259

Table legend: (Time is in decaauts)
 A = Elapsed time spent in this place.
 B = Non-inter-level travel time spent in this place.
 C = Inter-level travel time spent in this place.
 D = Time resting spent in this place.
 E = Time spent auto-exploring this place.
 F = Levels seen in this place.
 G = Mean time per level.
                   A        B        C        D        E       F      G
               +--------+--------+--------+--------+--------+-----+--------+
         Total |   5985 |   5811 |    174 |   1059 |   3854 |   4 | 1496.2 |
       Dungeon |   5985 |   5811 |    174 |   1059 |   3854 |   4 | 1496.2 |
               +--------+--------+--------+--------+--------+-----+--------+

Top non-repeatable levels by time:
     D:1: 2016 daAuts
     D:3: 1494 daAuts
     D:4: 1399 daAuts
     D:2: 1076 daAuts
